 Dungeon Crawl Stone Soup version 0.29-a0-234-g0dae59b3db (webtiles) character file.

Game seed: 9418214558099230904

22718 CryoSword the Fighter (level 13, -20/222 HPs)
             Began as an Ogre Berserker on Mar 3, 2022.
             Was a Priest of Trog.
             Demolished by an anaconda simulacrum (31 damage)
             ... in an ice cave.
             The game lasted 00:40:55 (15252 turns).

CryoSword the Fighter (Ogre Berserker)             Turns: 15252, Time: 00:40:56

Health: -20/222    AC: 14    Str: 24    XL:     13   Next: 2%
Magic:  22/22      EV:  7    Int:  8    God:    Trog [***...]
Gold:   688        SH:  0    Dex: 12    Spells: 12/12 levels left

rFire   . . .      SeeInvis .   w - +4 dire flail
rCold   . . .      Faith    .   (shield currently unavailable)
rNeg    . . .      Spirit   .   b - quicksilver dragon scales
rPois   .          Reflect  .   (helmet restricted)
rElec   .          Harm     .   H - +1 cloak
rCorr   .          Rampage  .   (gloves unavailable)
Will    ++...                   (boots unavailable)
Stlth   ..........              x - amulet of regeneration
HPRegen 1.27/turn               q - ring of magical power
MPRegen 0.18/turn               (no ring)

@: berserking, constricted, very quick
A: large, unfitting armour, tough skin 1
a: Renounce Religion, Berserk, Trog's Hand


You were in an ice cave.
You worshipped Trog.
Trog was most pleased with you.
You visited 2 branches of the dungeon, and saw 13 of its levels.
You also visited: Ice Cave.

You collected 805 gold pieces.
You spent 117 gold pieces at shops.

Inventory:

Hand Weapons
 w - a +4 dire flail (weapon)
   (You took it off a wight on level 7 of the Dungeon)
 E - a +3 giant spiked club
   (You took it off a two-headed ogre on level 9 of the Dungeon)
Missiles
 e - 6 datura-tipped darts
 h - 2 throwing nets
 j - 31 poisoned darts (quivered)
 r - 5 boomerangs
 s - 6 curare-tipped darts
 I - 5 boomerangs of dispersal {!f}
Armour
 b - quicksilver dragon scales (worn)
   (You found it on level 5 of the Dungeon)
 H - a +1 cloak (worn)
   (You found it on level 1 of the Lair of Beasts)
Jewellery
 n - an amulet of reflection
   (You found it on level 3 of the Dungeon)
 q - a ring of magical power (left hand)
   (You found it on level 6 of the Dungeon)
 x - an amulet of regeneration (around neck)
   (You found it on level 7 of the Dungeon)
Wands
 c - a wand of digging (4)
   (You found it on level 5 of the Dungeon)
 A - a wand of iceblast (4)
   (You found it on level 10 of the Dungeon)
Scrolls
 d - 2 scrolls of torment {unknown}
 g - 3 scrolls of teleportation {unknown}
 i - a scroll of noise {unknown}
 k - a scroll of summoning
 m - 3 scrolls of fog {unknown}
 o - a scroll of blinking
 v - 2 scrolls of silence
 B - a scroll of fear {unknown}
 C - 2 scrolls of brand weapon {unknown}
 F - a scroll of holy word {unknown}
 G - a scroll of amnesia {unknown}
Potions
 a - a potion of invisibility
 f - a potion of resistance
 l - 2 potions of degeneration {unknown}
 p - 4 potions of attraction {!q}
 t - 3 potions of mutation {!q}
 u - 2 potions of flight
 z - 2 potions of berserk rage {unknown}
 D - a potion of might {unknown}


   Skills:
 + Level 14.5 Fighting
 * Level 14.2 Maces & Flails
 - Level 6.0 Throwing
 - Level 5.0 Armour
 - Level 5.0 Dodging
 - Level 3.0 Stealth


You had 12 spell levels left.
You didn't know any spells.
Your spell library was empty.

Dungeon Overview and Level Annotations

Branches:
Dungeon (11/15)            Temple (0/1) D:7            Lair (2/6) D:9
  IceCv (1/1)
  Swamp: Lair:2-4    Shoals: Lair:2-4     Snake: Lair:2-4    Spider: Lair:2-4
    Orc: D:9-12

Altars:
Fedhas
Gozag
Okawaru
Ru
Vehumet
Zin

Shops:
D:1 [   D:2 =   D:3 *   D:5 [


Innate Abilities, Weirdness & Mutations

You are too large for most types of armour.
You have tough skin. (AC +1)


Message History

Trog accepts your kill.
You bludgeon the ice devil!! The ice devil barely misses you.
You sock the ice devil! You hit the ice devil but do no damage.
The ice devil hits you but does no damage.
You puncture the ice devil!
You kill the ice devil!
Trog accepts your kill.
You hit the two-headed ogre simulacrum.
You puncture the two-headed ogre simulacrum!
The two-headed ogre simulacrum hits you but does no damage. x2
You bludgeon the two-headed ogre simulacrum!!
Trog accepts your kill.
You can now call in reinforcements.
You sock the naga simulacrum! Trog accepts your kill.
You hit the elephant simulacrum but do no damage.
You hit the elephant simulacrum. The elephant simulacrum tramples you.
You stumble backwards!
You completely miss the elephant simulacrum.
You sock the elephant simulacrum!
The elephant simulacrum tramples you but does no damage.
The elephant simulacrum trunk-slaps you.
The elephant simulacrum freezes you!
You puncture the elephant simulacrum! You bludgeon the elephant simulacrum!!
Trog accepts your kill. 2 ice statues come into view.
The ice statue gestures at you. The shard of ice hits you!
You start resting.
A red film seems to cover your vision as you go berserk!
You feel yourself moving faster!
You feel mighty!
Really walk into a travel-excluded area?
You feel a strong urge to attack something.
You impale the ice statue!! The ice statue gestures at you.
The freezing blast engulfs you!
You impale the ice statue!!
You are engulfed in freezing vapours.
You puncture the ice statue!
You are engulfed in freezing vapours.
You bludgeon the ice statue!!
You destroy the ice statue!
Trog accepts your kill.
You are engulfed in freezing vapours.
You are engulfed in freezing vapours.
You feel a strong urge to attack something.
You feel your anger nearly subside.
You are no longer berserk.
You are exhausted.
You feel yourself slow down.
You start resting.
You start waiting.
You feel yourself speed up.
You start waiting.
You recover from your berserk rage.
A red film seems to cover your vision as you go berserk!
You feel yourself moving faster!
You feel mighty!
You can no longer call in reinforcements.
Really walk into a travel-excluded area?
You feel a strong urge to attack something.
The ice statue gestures at you. The shard of ice misses you.
You puncture the ice statue! You hit the ice statue. You sock the ice statue!
You completely miss the ice statue.
The ice statue glitters chillingly in the dim dungeon light.
You sock the ice statue! You hit the ice statue. You impale the ice statue!!
You destroy the ice statue!
Trog accepts your kill.
You have reached level 13!
You feel a strong urge to attack something.
You feel your anger nearly subside.
You are no longer berserk.
You are exhausted.
You feel yourself slow down.
You start waiting.
You feel yourself speed up.
You recover from your berserk rage.
A two-headed ogre simulacrum comes into view.
The two-headed ogre simulacrum moves out of view.
The ufetubus shouts!
An ice devil comes into view.
The ufetubus hits you. The ufetubus closely misses you.
You miss the ufetubus.
The ufetubus hits you but does no damage. x2
You miss the ufetubus. The ufetubus completely misses you.
The ufetubus barely misses you.
You hit the ufetubus. The ufetubus hits you. The ufetubus misses you.
You bludgeon the ufetubus!!
You kill the ufetubus!
Trog accepts your kill.
You impale the two-headed ogre simulacrum!!
You barely miss the two-headed ogre simulacrum.
The two-headed ogre simulacrum barely misses you.
The two-headed ogre simulacrum hits you!
The two-headed ogre simulacrum freezes you!!
You sock the two-headed ogre simulacrum!
Trog accepts your kill.
You hit the ice devil but do no damage. You completely miss the ice devil.
The ice devil barely misses you.
You barely miss the ice devil. You impale the ice devil!!
The ice devil hits you but does no damage.
You hit the ice devil but do no damage. The ice devil hits you.
The ice devil freezes you!!
You are too injured to fight recklessly!
You are too injured to fight recklessly!
You hit the ice devil but do no damage. You puncture the ice devil!
You kill the ice devil!
Trog accepts your kill.
You start resting.
A death yak simulacrum comes into view.
You start resting.
An anaconda simulacrum comes into view.
The anaconda simulacrum grabs you. The anaconda simulacrum bites you!
The anaconda simulacrum freezes you!! The anaconda simulacrum constricts you.
The anaconda simulacrum closely misses you.
The anaconda simulacrum constricts you.
You barely miss the anaconda simulacrum.
A polar bear simulacrum comes into view.
The anaconda simulacrum bites you! The anaconda simulacrum freezes you!!
* * * LOW HITPOINT WARNING * * *
The anaconda simulacrum constricts you.
* * * LOW HITPOINT WARNING * * *
You escape the anaconda simulacrum's grasp.
You impale the anaconda simulacrum!! The anaconda simulacrum grabs you.
The anaconda simulacrum bites you.
* * * LOW HITPOINT WARNING * * *
The anaconda simulacrum freezes you!!
* * * LOW HITPOINT WARNING * * *
The anaconda simulacrum constricts you.
The anaconda simulacrum's grasp on you weakens, but your attempt to escape fails.
The anaconda simulacrum bites you.
* * * LOW HITPOINT WARNING * * *
The anaconda simulacrum freezes you!!
* * * LOW HITPOINT WARNING * * *
The anaconda simulacrum constricts you.
* * * LOW HITPOINT WARNING * * *
Okay, then.
A red film seems to cover your vision as you go berserk!
You feel yourself moving faster!
You feel mighty! The anaconda simulacrum bites you.
* * * LOW HITPOINT WARNING * * *
The anaconda simulacrum freezes you!!
You die...

§..#§§.##..#
#..☼☼.#..## #...##
####Z.####
###.#....#.#
###..........#
###............##
######..........Z....#
Z........#......@...##
......#.###..........#
#..###### ##........##
## #####...## #####


You could see an anaconda simulacrum and a polar bear simulacrum.

Vanquished Creatures
  2 hydras
  An ogre mage (D:11)
  2 two-headed ogres
  5 elephants (Lair:2)
  A black mamba (Lair:1)
  2 ice statues (IceCv)
  4 cane toads
  A gargoyle (D:9)
  3 komodo dragons
  2 kobold demonologists (D:11)
  2 rime drakes (Lair:2)
  2 ice devils (IceCv)
  A hornet (D:10)
  3 trolls
  4 blink frogs (Lair:2)
  2 wraiths
  19 yaks
  A vampire (D:9)
  Grum (Lair:1)
  A steam dragon (D:9)
  14 two-headed ogre zombies (D:11)
  Duvessa (D:4)
  An acid dragon (D:8)
  8 water moccasins
  5 orc warriors
  A sky beast (D:7)
  2 ice beasts
  A black bear (D:4)
  2 ogres
  5 wolves
  8 centaurs
  3 kobold brigands
  9 bullfrogs
  3 scorpions
  2 two-headed ogre simulacra (IceCv)
  A cane toad simulacrum (IceCv)
  11 wights
  Dowan (D:4)
  An elephant simulacrum (IceCv)
  11 killer bees (D:10)
  4 electric eels
  A howler monkey (D:6)
  4 hounds
  2 jellies
  An orc priest (D:7)
  3 gnoll shamans
  5 iguanas
  11 orc wizards
  3 spriggan simulacra (IceCv)
  2 ogre zombies (D:11)
  7 adders
  9 gnolls
  A naga simulacrum (IceCv)
  A shadow imp (D:6)
  3 white imps
  3 ufetubi (IceCv)
  3 dart slugs
  21 orcs
  A bat (D:3)
  6 endoplasms
  3 giant cockroaches
  15 goblins
  6 hobgoblins
  2 jackals (D:2)
  13 kobolds
  3 quokkas
  9 ball pythons
  3 frilled lizards
  2 rats (D:1)
296 creatures vanquished.

Vanquished Creatures (collateral kills)
  3 wolves (Lair:2)
3 creatures vanquished.

Vanquished Creatures (others)
  8 fungi
  46 plants
54 creatures vanquished.

Grand Total: 353 creatures vanquished

Notes
Turn   | Place    | Note
-------+----------+-------------------------------------------
     0 | D:1      | CryoSword the Ogre Berserker began the quest for the Orb.
     0 | D:1      | Reached XP level 1. HP: 24/24 MP: 1/1
    36 | D:1      | Found a faded altar of an unknown god.
   310 | D:1      | Reached XP level 2. HP: 32/32 MP: 2/2
  1007 | D:1      | Reached XP level 3. HP: 26/40 MP: 0/3
  1229 | D:1      | Found Gik Quplept's Antique Armour Shoppe.
  1286 | D:1      | Reached ** piety under Trog
  2000 | D:2      | Reached XP level 4. HP: 44/49 MP: 4/4
  2285 | D:2      | Found Zougir's Jewellery Shoppe.
  2967 | D:3      | Found an opulent altar of Gozag.
  2978 | D:3      | You fall into a shaft and drop 1 floor!
  2978 | D:4      | Noticed a black bear
  3173 | D:3      | Found Focauqon's Assorted Antiques.
  3176 | D:3      | Bought a scroll of identify for 48 gold pieces
  3176 | D:3      | Bought a sedimented cyan potion for 21 gold pieces
  3176 | D:3      | Bought a scroll of identify for 48 gold pieces
  3358 | D:3      | Noticed an ice beast
  3381 | D:3      | Killed an ice beast
  3382 | D:3      | Reached skill level 5 in Fighting
  3382 | D:3      | Reached XP level 5. HP: 57/57 MP: 5/5
  3662 | D:4      | Noticed an ogre
  3847 | D:4      | Killed an ogre
  3848 | D:4      | Reached XP level 6. HP: 67/67 MP: 6/6
  3888 | D:4      | Reached skill level 5 in Maces & Flails
  4320 | D:4      | Noticed Duvessa
  4320 | D:4      | Noticed Dowan
  4333 | D:4      | Killed Duvessa
  4334 | D:4      | Reached XP level 7. HP: 75/75 MP: 7/7
  4341 | D:4      | Killed Dowan
  4744 | D:5      | Entered Level 5 of the Dungeon
  4879 | D:5      | Reached XP level 8. HP: 68/84 MP: 8/8
  5073 | D:5      | Reached skill level 1 in Stealth
  5101 | D:5      | Found Wyimist's Armour Emporium.
  5107 | D:5      | Reached skill level 1 in Armour
  5396 | D:5      | Found a sacrificial altar of Ru.
  5789 | D:5      | Reached *** piety under Trog
  5931 | D:6      | Reached skill level 5 in Dodging
  6404 | D:6      | Reached XP level 9. HP: 96/96 MP: 9/9
  7521 | D:7      | Found a glowing silver altar of Zin.
  7708 | D:7      | Found a staircase to the Ecumenical Temple.
  8846 | D:8      | Reached skill level 1 in Throwing
  8890 | D:8      | Reached XP level 10. HP: 87/107 MP: 10/10
  9458 | D:8      | Found an iron altar of Okawaru.
  9843 | D:9      | Noticed a gargoyle
  9861 | D:9      | Killed a gargoyle
  9906 | D:9      | Found a staircase to the Lair.
  9913 | D:9      | Found a radiant altar of Vehumet.
  9913 | D:9      | Found a blossoming altar of Fedhas.
 10151 | D:9      | Reached skill level 10 in Fighting
 10368 | D:9      | Noticed a two-headed ogre
 10373 | D:9      | Killed a two-headed ogre
 10607 | D:10     | Entered Level 10 of the Dungeon
 10722 | D:10     | Reached skill level 10 in Maces & Flails
 10722 | D:10     | Reached skill level 5 in Armour
 11239 | D:10     | Reached XP level 11. HP: 111/119 MP: 11/11
 12114 | D:11     | Noticed a two-headed ogre
 12121 | D:11     | Killed a two-headed ogre
 12284 | D:11     | Reached skill level 5 in Throwing
 12495 | D:11     | Noticed a soul eater
 12636 | D:11     | Noticed a five-headed hydra
 12646 | D:11     | Killed a five-headed hydra
 12851 | D:11     | Noticed an ogre mage
 12868 | D:11     | Killed an ogre mage
 13274 | Lair:1   | Entered Level 1 of the Lair of Beasts
 13312 | Lair:1   | Reached XP level 12. HP: 100/133 MP: 12/12
 14141 | Lair:1   | Identified the +10 dagger of Fae True Grit {venom, rC+}
 14231 | Lair:1   | Noticed Grum
 14248 | Lair:1   | Killed Grum
 14739 | Lair:2   | Noticed a seven-headed hydra
 14748 | Lair:2   | Killed a seven-headed hydra
 14806 | Lair:2   | Found a frozen archway.
 14894 | Lair:2   | HP: 3/139 [wolf (8)]
 14938 | IceCv    | Entered an ice cave
 15036 | IceCv    | Reached **** piety under Trog
 15137 | IceCv    | Reached XP level 13. HP: 148/148 MP: 13/13
 15252 | IceCv    | HP: 11/222 [anaconda simulacrum (6)]
 15252 | IceCv    | Demolished by an anaconda simulacrum

Illustrated notes

Levels and vault maps discovered:
D:1:      sevenhm_arrival_forest_fort_small_3, layout_loops_cross,
          shapermc_ecumenical_altar_ellora, serial_shops,
          nicolae_shop_statue_plus, minmay_misc_feat_secret_circle
D:2:      layout_loops_cross, serial_shops, nicolae_shop_behind_doors
D:3:      layout_basic, grunt_gozag_statues, serial_shops, nicolae_shop_trees
D:4:      layout_rooms, uniq_duvessa
D:5:      layout_basic, mainiacjoe_overflow_alcove_1, serial_shops,
          nicolae_shop_stone, minmay_pentangle
D:6:      layout_basic
D:7:      layout_loops_ring, zin_statuary, minmay_temple_entry_glassed_door
D:8:      layout_basic, nicolae_overflow_hidden_temple
D:9:      layout_roguey, chequers_temple_overflow_statue_of_worship,
          lair_entry_dummy
D:10:     layout_stronghold
D:11:     lemuel_ogre_cave, layout_loops_ring
Lair:1:   layout_small_grid, serial_bayou, serial_bayou_pond_a,
          serial_bayou_lagoon_b, serial_bayou_pond_a, serial_bayou_ford_a,
          serial_bayou_shore_a, uniq_grum
Lair:2:   layout_small_grid, portal_ice_cave_rime, uniq_harold
IceCv:    ice_cave_small_demon

Skill      XL: |  1  2  3  4  5  6  7  8  9 10 11 12 |
---------------+-------------------------------------+-----
Maces & Flails | 3 4 5 6 7 8 10 12 14 | 14.2
Dodging        | 3 4 5 |  5.0
Fighting       | 5 6 7 9 10 12 14 | 14.5
Stealth        | 2 3 |  3.0
Armour         | 2 4 5 |  5.0
Throwing       | 1 4 6 |  6.0

Action                   |  1- 3 |  4- 6 |  7- 9 | 10-12 | 13-15 || total
-------------------------+-------+-------+-------+-------+-------++-------
Melee: Mace              |    17 |       |       |       |       ||    17
       Dagger            |   136 |   128 |    48 |       |       ||   312
       Punch             |     1 |     2 |     1 |       |       ||     4
       Flail             |       |    15 |       |       |       ||    15
       Giant club        |       |       |   112 |       |       ||   112
       Dire flail        |       |       |   113 |   696 |    16 ||   825
Throw: Dart              |     2 |     2 |     7 |     4 |       ||    15
Invok: Berserk           |     3 |     3 |     8 |    16 |     1 ||    31
       Trog's Hand       |       |     3 |     8 |    16 |       ||    27
  Use: Scroll            |     1 |     4 |     5 |    10 |       ||    20
       Potion            |       |       |       |     1 |       ||     1
 Stab: Sleeping          |     1 |       |     1 |       |       ||     2
Armor: Animal skin       |    35 |    25 |       |       |       ||    60
       Quicksilver drago |       |       |   104 |   278 |     3 ||   385
       Robe              |       |       |     1 |       |       ||     1
Dodge: Dodged            |    75 |    56 |    93 |   257 |     7 ||   488
Block: Other             |       |    19 |    59 |    10 |       ||    88

Table legend: (Time is in decaauts)
 A = Elapsed time spent in this place.
 B = Non-inter-level travel time spent in this place.
 C = Inter-level travel time spent in this place.
 D = Time resting spent in this place.
 E = Time spent auto-exploring this place.
 F = Levels seen in this place.
 G = Mean time per level.
                   A        B        C        D        E       F      G
               +--------+--------+--------+--------+--------+-----+--------+
         Total |  15382 |  14787 |    595 |   2490 |   9172 |  14 | 1098.7 |
       Dungeon |  13416 |  12846 |    570 |   2100 |   8430 |  11 | 1219.6 |
          Lair |   1655 |   1630 |     25 |    221 |    705 |   2 |  827.5 |
      Ice Cave |    311 |    311 |      0 |    168 |     37 |   1 |  311.0 |
               +--------+--------+--------+--------+--------+-----+--------+

Top non-repeatable levels by time:
     D:7: 1694 daAuts
     D:1: 1684 daAuts
    D:10: 1482 daAuts
     D:8: 1386 daAuts
  Lair:1: 1324 daAuts
     D:3: 1261 daAuts
    D:11: 1139 daAuts
     D:5: 1069 daAuts
     D:6: 1017 daAuts
     D:4: 953 daAuts
     D:2: 902 daAuts
     D:9: 824 daAuts
  Lair:2: 330 daAuts
   IceCv: 311 daAuts
